AoeStats
← Erickinio

Black Forest

508354860Analyzed
4v4 RM · 10d ago on Sep 22, 2026· 46m 37s· 8 players
Game mode
Random Map
Map size
Large (8 player)
Population
200
Speed
Normal
Resources
Standard
Victory
Conquest
Starting age
Dark Age
Ending age
Imperial Age
RankedLock teamsTeams togetherTeam positionsShared explorationLock speedFull tech treeHidden civsTurbo modeCheats
Victory
Defeat
🇦🇷 Celts · Argentina
787
+7
🇺🇸 Saracens · United States
784
+7
🇺🇸 Chinese · United States
754
+8
🇺🇸 Huns · United States
678
+12
🇦🇺 Huns · Australia
635
-11
🇨🇳 Huns · China
565
-8
🇨🇿 Japanese · Czechia
563
-8
🇨🇳 Huns · China
535
-7
AYW
12:11 Feudal Age
13:43 Double-Bit Axe
19:59 Stone Mining
19:59 Gold Mining
24:30 Gold Mining
40:30 Wheelbarrow
ladyzika
0:39 Loom
14:36 Feudal Age
21:53 Castle Age
37:08 Imperial Age
37:12 Town Watch
23a.mora
13:55 Feudal Age
14:33 Double-Bit Axe
15:10 Horse Collar
15:22 Gold Mining
15:22 Stone Mining
22:20 Castle Age
21:13 Forging
21:03 Scale Mail Armor
21:21 Scale Barding Armor
23:14 Light Cavalry
24:32 Husbandry
25:01 Heavy Plow
25:41 Bow Saw
28:04 Chain Barding Armor
32:18 Iron Casting
35:54 Wheelbarrow
37:48 Hand Cart
42:37 Imperial Age
北风
0:55 Loom
12:13 Feudal Age
13:18 Double-Bit Axe
13:17 Horse Collar
15:28 Gold Mining
20:51 Wheelbarrow
22:21 Castle Age
23:00 Forging
22:56 Scale Barding Armor
24:15 Bow Saw
25:00 Wheelbarrow
25:08 Gold Shaft Mining
25:10 Heavy Plow
27:10 Iron Casting
27:22 Hand Cart
28:35 Husbandry
29:52 Chain Barding Armor
29:49 Bloodlines
35:00 Marauders
43:51 Imperial Age
44:00 Elite Tarkan
47:48 Two-Man Saw
48:01 Blast Furnace
skywalkeratat
0:38 Loom
11:54 Feudal Age
12:25 Double-Bit Axe
12:23 Horse Collar
12:38 Stone Mining
15:27 Gold Mining
21:08 Wheelbarrow
20:19 Town Watch
21:41 Scale Mail Armor
28:12 Castle Age
28:18 Forging
27:59 Fletching
28:10 Padded Archer Armor
29:16 Bow Saw
29:30 Heavy Plow
30:28 Caravan
32:44 Hand Cart
36:27 Imperial Age
35:18 Guard Tower
35:49 Ballistics
35:49 Masonry
35:59 Fortified Wall
36:47 Town Patrol
37:32 Conscription
38:30 Keep
40:19 Gold Shaft Mining
40:19 Stone Shaft Mining
39:22 Elite Fire Lancer
40:21 Bodkin Arrow
40:41 Leather Archer Armor
40:42 Chain Mail Armor
41:09 Iron Casting
40:49 Squires
40:34 Arson
44:04 Chemistry
42:50 Arrowslits
43:37 Architecture
43:42 Plate Mail Armor
43:42 Ring Archer Armor
43:22 Bracer
45:07 Blast Furnace
46:01 Great Wall
dokoenig3
5:40 Loom
12:04 Feudal Age
17:23 Forging
17:17 Padded Archer Armor
17:27 Gold Mining
22:07 Castle Age
20:02 Double-Bit Axe
21:51 Fletching
22:29 Crossbowman
23:56 Leather Archer Armor
25:31 Town Watch
28:37 Bow Saw
30:58 Wheelbarrow
34:15 Ballistics
36:35 Imperial Age
39:55 Two-Man Saw
38:42 Treadmill Crane
40:04 Chemistry
40:20 Arbalester
42:08 Thumb Ring
44:00 Murder Holes
45:20 Bodkin Arrow
CouthTortoise40
0:31 Loom
13:18 Feudal Age
16:38 Double-Bit Axe
17:24 Horse Collar
19:59 Castle Age
21:57 Fervor
24:16 Bow Saw
24:54 Stone Mining
24:55 Gold Mining
26:24 Wheelbarrow
28:06 Hand Cart
32:27 Gold Shaft Mining
32:51 Heavy Plow
32:48 Murder Holes
33:19 Husbandry
33:30 Bloodlines
36:12 Imperial Age
33:29 Town Watch
33:27 Pikeman
34:08 Squires
34:11 Caravan
35:42 Marauders
35:59 Forging
35:55 Scale Barding Armor
36:12 Elite Tarkan
37:15 Conscription
37:59 Two-Man Saw
38:30 Iron Casting
38:16 Chain Barding Armor
39:57 Plate Barding Armor
40:22 Blast Furnace
43:10 Town Patrol
43:40 Ballistics
44:20 Chemistry
43:31 Masonry
Erickinio
0:36 Loom
13:25 Feudal Age
13:55 Double-Bit Axe
16:28 Arson
18:12 Forging
19:22 Man-at-Arms
20:19 Scale Mail Armor
22:12 Horse Collar
23:42 Gold Mining
25:49 Wheelbarrow
31:28 Castle Age
32:56 Bow Saw
32:41 Stone Mining
33:31 Iron Casting
33:12 Chain Mail Armor
32:19 Long Swordsman
32:45 Gambesons
34:53 Hand Cart
39:07 Town Watch
38:47 Pikeman
40:34 Gold Shaft Mining
40:34 Stone Shaft Mining
39:59 Treadmill Crane
44:10 Imperial Age
45:14 Conscription
44:31 Two-Handed Swordsman
45:43 Plate Mail Armor
45:33 Heavy Plow
45:48 Stronghold
46:26 Murder Holes
46:53 Ballistics
46:27 Fletching
46:38 Padded Archer Armor
Connection lost

Rejoining the realm…

Still unreachable

The connection could not be restored.

Session expired

The server has moved on; the page needs a fresh start.